 Dungeon Crawl Stone Soup version 0.23-a0-94-g44dc95e (webtiles) character file.

19626 galech the Cleaver (level 12, 0/142 HPs)
             Began as a Demonspawn Berserker on Aug 16, 2018.
             Was the Champion of Trog.
             Slain by a fire elemental (9 damage)
             ... led by Azrael
             ... on level 2 of the Orcish Mines.
             The game lasted 00:20:52 (10295 turns).

galech the Cleaver (Demonspawn Berserker)          Turns: 10295, Time: 00:20:54

Health: 0/142      AC: 20    Str: 24    XL:     12   Next: 38%
Magic:  12/12      EV: 10    Int:  8    God:    Trog [******]
Gold:   599        SH:  4    Dex: 17    Spells: 11/11 levels left

rFire    . . .     SeeInvis .   y - +6 war axe (chop)
rCold    + . .     Gourm    .   (no shield)
rNeg     . . .     Faith    .   N - +3 plate armour
rPois    .         Spirit   .   w - +2 hat
rElec    .         Reflect  .   (no cloak)
rCorr    .         Harm     +   B - +0 pair of gloves
MR       .....                  (boots unavailable)
Stlth    ..........             E - amulet of harm
HPRegen  0.33/turn              f - +1 ring of protection
MPRegen  0.13/turn              (no ring)

@: berserking, very quick
A: talons 3, large bone plates 1, cold resistance 1, spiny 1, freezing cloud
immunity
a: Berserk, Trog's Hand, Brothers in Arms, Renounce Religion


You were on level 2 of the Orcish Mines.
You worshipped Trog.
Trog was exalted by your worship.
You were very hungry.

You visited 2 branches of the dungeon, and saw 11 of its levels.
You also visited: Sewer.

You collected 943 gold pieces.
You spent 344 gold pieces at shops.

Inventory:

Hand Weapons
 y - a +6 war axe of chopping (weapon)
Armour
 q - a +0 troll leather armour {Purgy}
 w - a +2 hat (worn)
 B - a +0 pair of gloves (worn)
 N - a +3 plate armour (worn)
 O - a +2 chain mail of fire resistance
Jewellery
 f - a +1 ring of protection (left hand)
 E - an amulet of harm (around neck)
Wands
 n - a wand of flame (12)
 v - a wand of iceblast (4)
 H - a wand of random effects (32)
 J - a wand of enslavement (10)
Scrolls
 a - a scroll of enchant armour
 b - 2 scrolls of blinking
 d - a scroll of magic mapping
 e - 3 scrolls of amnesia
 g - 4 scrolls of teleportation
 i - 3 scrolls of immolation
 k - 4 scrolls of enchant weapon
 l - a scroll of fog
 p - 3 scrolls of noise
 t - 2 scrolls of fear
 z - a scroll of random uselessness {unknown}
 A - a scroll of identify
 G - a scroll of brand weapon {unknown}
 I - a scroll of torment {unknown}
Potions
 h - 5 potions of curing
 j - 2 potions of berserk rage {unknown}
 m - a potion of brilliance {unknown}
 o - 2 potions of mutation {unknown}
 r - 2 potions of haste {unknown}
 s - 2 potions of might {unknown}
 u - 3 potions of flight {unknown}
 x - a potion of lignification
 C - a potion of agility
 F - a potion of resistance {unknown}
 K - a potion of invisibility {unknown}
 L - 2 potions of heal wounds
 M - 2 potions of magic {unknown}
Comestibles
 c - 19 rations
 D - 5 chunks of flesh


   Skills:
 + Level 9.3 Fighting
 + Level 13.5 Axes
 + Level 7.0 Armour
 + Level 6.2 Dodging
 + Level 5.8 Stealth


You had 11 spell levels left.
You didn't know any spells.
Your spell library was empty.

Dungeon Overview and Level Annotations

Branches:
Dungeon (9/15)             Temple (0/1) D:7            Lair (0/6) D:9
    Orc (2/2) D:9             Elf (0/3) Orc:2

Altars:
Dithmenos
Elyvilon
Fedhas
Gozag
Okawaru
Ru
Sif Muna
Trog
Uskayaw
Wu Jian
Xom
The Shining One

Shops:
D:4 =   D:5 (   D:9 !

Annotations:
Orc:2 Saint Roka


Innate Abilities, Weirdness & Mutations

You have claws for feet.
You are partially covered in large bone plates. (SH +4)
Your flesh is cold resistant. (rC+)
You are partially covered in sharp spines.
You are immune to freezing clouds.


Message History

You destroy the fire elemental!
Trog accepts your kill.
Your Armour skill increases to level 7!
The hell hound breathes flames at you. The blast of flame misses you.
The fire elemental is struck by your spines.
The fire elemental hits you. The fire elemental burns you!
* * * LOW HITPOINT WARNING * * *
You barely miss the hell hound. Your kick misses the hell hound.
The hell hound is severely wounded.
You closely miss the fire elemental. The hell hound bites you.
* * * LOW HITPOINT WARNING * * *
Unknown command.
You closely miss the fire elemental.
The fire elemental is severely damaged.
You slash the hell hound!
You kill the hell hound!
Trog accepts your kill. The fire elemental hits you.
The fire elemental burns you!
You die...

# ################
###.#..#.##..##..##
.#................## #.
...................# ...
...................#....
....................#...
.................E...#
...............†@.§.##
.................)......
.......................#
........................
..#.....................
........................
........................
........................
#


You could see a fire elemental.

Vanquished Creatures
  Azrael (Orc:2)
  Harold (D:8)
  A two-headed ogre (D:8)
  3 orc high priests
  5 orc knights
  Pikel (D:9)
  4 orc sorcerers (Orc:2)
  4 molten gargoyles (D:9)
  Joseph (D:8)
  5 trolls
  Prince Ribbit (D:9)
  A hippogriff (D:9)
  Sigmund (D:2)
  2 fire elementals (Orc:2)
  A human (D:8)
  3 yaks
  2 hogs (D:8)
  A hungry ghost (D:8)
  8 wargs
  Edmund (D:5)
  A hell hound (Orc:2)
  Purgy (Sewer)
  23 orc warriors
  An ice beast (D:5)
  A phantom (D:6)
  A slave (D:9)
  5 ogres
  A black bear (D:9)
  5 centaurs
  Blork the orc (D:5)
  3 bullfrogs
  2 gnoll sergeants
  6 scorpions
  6 killer bees (D:7)
  3 wights
  3 howler monkeys
  A crimson imp (D:5)
  3 jellies
  6 hounds
  6 orc priests
  2 bullfrog skeletons
  Terence (D:3)
  An iguana (D:6)
  7 orc wizards
  7 worker ants
  A hound skeleton (D:7)
  26 gnolls
  14 adders
  A river rat (D:6)
  2 shadow imps
  An adder zombie (D:5)
  5 worms
  An adder skeleton (D:8)
  3 dart slugs
  6 leopard geckos
  44 orcs
  3 giant cockroaches
  7 hobgoblins
  18 jackals
  8 kobolds
  3 quokkas
  4 ball pythons
  4 bats
  7 frilled lizards
  A giant cockroach zombie (D:5)
  10 goblins
  A leopard gecko skeleton (D:4)
  A quokka skeleton (D:4)
  7 rats
  A bush (D:9)
  A plant (D:9)
324 creatures vanquished.

Vanquished Creatures (others)
  A slave (D:9)
  A gnoll (Orc:2)
  An adder (D:9)
  A frilled lizard (D:3)
4 creatures vanquished.

Grand Total: 328 creatures vanquished

Notes
Turn   | Place    | Note
-------+----------+-------------------------------------------
     0 | D:1      | galech the Demonspawn Berserker began the quest for the Orb.
     0 | D:1      | Reached XP level 1. HP: 18/18 MP: 1/1
   102 | D:1      | Gained mutation: You have sharp toenails. [demonic ancestry]
   102 | D:1      | Reached XP level 2. HP: 20/24 MP: 2/2
   169 | D:1      | Reached skill level 3 in Axes
   602 | D:1      | Reached ** piety under Trog
   831 | D:2      | Reached XP level 3. HP: 25/29 MP: 3/3
   841 | D:2      | Found a faded altar of an unknown god.
  1400 | D:2      | Noticed Sigmund
  1411 | D:2      | Killed Sigmund
  1411 | D:2      | Reached skill level 4 in Axes
  1411 | D:2      | Reached XP level 4. HP: 21/37 MP: 4/4
  1411 | D:2      | Gained mutation: You are partially covered in sharp spines. [demonic ancestry]
  1411 | D:2      | Reached XP level 5. HP: 24/42 MP: 5/5
  1592 | D:2      | Found a shadowy altar of Dithmenos.
  1593 | D:2      | Found an opulent altar of Gozag.
  1593 | D:2      | Found a bloodstained altar of Trog.
  1619 | D:2      | Found an ornate altar of the Wu Jian Council.
  1836 | D:3      | Noticed Terence
  1851 | D:3      | Killed Terence
  1851 | D:3      | Gained mutation: Your flesh is cold resistant. (rC+) [demonic ancestry]
  1851 | D:3      | Reached XP level 6. HP: 48/48 MP: 6/6
  2124 | D:3      | Reached *** piety under Trog
  2314 | D:3      | You fall through a shaft for 3 floors!
  2472 | D:6      | Reached skill level 5 in Axes
  2564 | D:6      | Found a glowing drain.
  2570 | Sewer    | Entered a sewer
  2662 | Sewer    | Noticed Purgy
  2670 | Sewer    | Killed Purgy
  2670 | Sewer    | Gained mutation: You have razor-sharp toenails. [demonic ancestry]
  2670 | Sewer    | Reached XP level 7. HP: 54/54 MP: 7/7
  2985 | D:5      | Entered Level 5 of the Dungeon
  3000 | D:5      | Noticed a dagger
  3000 | D:5      | Noticed a dagger
  3001 | D:5      | Found a hide-covered altar of Uskayaw.
  3031 | D:5      | Reached skill level 6 in Axes
  3105 | D:5      | Noticed Blork the orc
  3115 | D:5      | Killed Blork the orc
  3115 | D:5      | Reached XP level 8. HP: 53/61 MP: 8/8
  3348 | D:5      | Noticed Edmund
  3368 | D:5      | Killed Edmund
  3368 | D:5      | Reached skill level 5 in Armour
  3368 | D:5      | Reached skill level 1 in Stealth
  3516 | D:5      | Found Quufaikia's Antique Weapon Boutique.
  3525 | D:5      | Bought a runed war axe for 162 gold pieces
  3690 | D:5      | Reached skill level 5 in Fighting
  3948 | D:4      | Reached **** piety under Trog
  4186 | D:4      | Reached skill level 7 in Axes
  4196 | D:4      | Found Puept's Jewellery Shop.
  4770 | D:3      | Found a sacrificial altar of Ru.
  5114 | D:6      | Found a glowing golden altar of the Shining One.
  5400 | D:6      | Found a white marble altar of Elyvilon.
  5589 | D:7      | Found a staircase to the Ecumenical Temple.
  5682 | D:7      | Gained mutation: You have claws for feet. [demonic ancestry]
  5682 | D:7      | Reached XP level 9. HP: 50/68 MP: 9/9
  5735 | D:7      | Reached skill level 8 in Axes
  6028 | D:7      | Reached ***** piety under Trog
  6163 | D:7      | Found an iron altar of Okawaru.
  6329 | D:8      | Noticed Harold
  6340 | D:8      | Noticed Joseph
  6342 | D:8      | Killed Harold
  6342 | D:8      | Reached skill level 9 in Axes
  6419 | D:8      | Killed Joseph
  6419 | D:8      | Noticed a two-headed ogre
  6423 | D:8      | Killed a two-headed ogre
  6423 | D:8      | Reached skill level 10 in Axes
  6423 | D:8      | Reached XP level 10. HP: 29/77 MP: 10/10
  6631 | D:8      | Found a shimmering altar of Xom.
  6871 | D:8      | Got a transparent falchion
  6872 | D:8      | Identified the cursed +0 falchion "Pefo" {elec, MR+} (You found it on level 8 of the Dungeon)
  7050 | D:9      | Reached skill level 5 in Dodging
  7080 | D:9      | Found a staircase to the Lair.
  7133 | D:9      | Found a staircase to the Orcish Mines.
  7243 | D:9      | Found Vakhliwe's Distillery.
  7248 | D:9      | Bought a potion of heal wounds for 70 gold pieces
  7248 | D:9      | Bought a potion of curing for 42 gold pieces
  7248 | D:9      | Bought a potion of heal wounds for 70 gold pieces
  7288 | D:9      | Found a blossoming altar of Fedhas.
  7291 | D:9      | Identified the Incunabulum of Stolen Souls
  7385 | D:9      | Reached skill level 11 in Axes
  7542 | D:9      | Noticed Pikel
  7547 | D:9      | Killed Pikel
  7658 | D:9      | Found a deep blue altar of Sif Muna.
  7776 | D:9      | Noticed a molten gargoyle
  7779 | D:9      | Noticed a molten gargoyle
  7779 | D:9      | Noticed Prince Ribbit
  7783 | D:9      | Killed a molten gargoyle
  7783 | D:9      | Reached skill level 5 in Stealth
  7784 | D:9      | Noticed a molten gargoyle
  7788 | D:9      | Noticed a molten gargoyle
  7790 | D:9      | Killed a molten gargoyle
  7790 | D:9      | Gained mutation: You are immune to freezing clouds. [demonic ancestry]
  7790 | D:9      | Reached XP level 11. HP: 13/84 MP: 11/11
  8005 | D:9      | Killed Prince Ribbit
  8187 | Orc:1    | Entered Level 1 of the Orcish Mines
  8204 | Orc:1    | Noticed an orc knight
  8209 | Orc:1    | Noticed an orc high priest
  8487 | Orc:1    | Killed an orc high priest
  8492 | Orc:1    | Killed an orc knight
  8502 | Orc:1    | Reached skill level 12 in Axes
  8632 | Orc:1    | Received a gift from Trog
  8755 | Orc:2    | Entered Level 2 of the Orcish Mines
  8755 | Orc:2    | Noticed an orc knight
  8764 | Orc:2    | Noticed an orc sorcerer
  8774 | Orc:2    | Killed an orc knight
  8861 | Orc:2    | Killed an orc sorcerer
  8870 | Orc:2    | Received a gift from Trog
  8988 | Orc:2    | Noticed an orc high priest
  9009 | Orc:2    | Killed an orc high priest
  9010 | Orc:2    | Noticed an orc knight
  9023 | Orc:2    | Noticed an orc sorcerer
  9285 | Orc:2    | Killed an orc knight
  9288 | Orc:2    | Killed an orc sorcerer
  9294 | Orc:2    | Reached ****** piety under Trog
  9480 | Orc:2    | Noticed an orc sorcerer
  9495 | Orc:2    | Killed an orc sorcerer
  9654 | Orc:2    | Noticed an orc knight
  9670 | Orc:2    | Killed an orc knight
  9670 | Orc:2    | Gained mutation: You are partially covered in large bone plates. (SH +4) [demonic ancestry]
  9670 | Orc:2    | Reached XP level 12. HP: 62/94 MP: 12/12
  9791 | Orc:2    | Noticed Saint Roka
  9800 | Orc:2    | Reached skill level 13 in Axes
 10028 | Orc:2    | Noticed an orc high priest
 10029 | Orc:2    | Found a staircase to the Elven Halls.
 10047 | Orc:2    | Killed an orc high priest
 10059 | Orc:2    | Received a gift from Trog
 10283 | Orc:2    | Noticed Azrael
 10292 | Orc:2    | Killed Azrael
 10295 | Orc:2    | Slain by a fire elemental

Vault maps used:
D:1:      elethiomel_arrival_maze
D:2:      lemuel_round_altar, gammafunk_temple_overflow_claw,
          chequers_ecumenical_altar_simple, kennysheep_generic_room_9,
          uniq_sigmund
D:3:      marbit_many_paths, first_ration, nrook_mini_vaults,
          minmay_door_square, st_stairs_9, lemuel_old_faithful, uniq_terence
D:4:      serial_shops, shop, minmay_misc_feat_ornament
D:5:      dancing_weapons_uskayaw, serial_shops, shop_fountains,
          uniq_blork_the_orc, uniq_edmund
D:6:      lemuel_doored_altar, kennysheep_little_box, gup_sewer_entry_bubbles
D:7:      nicolae_overflow_hidden_temple, minmay_temple_entry_overgrown
D:8:      old_standard_altar, grunt_livestock, uniq_harold, uniq_joseph
D:9:      led_sif_book, fedhas_bush_and_centaur_altar,
          grunt_lair_entry_orc_guard_hut, orc_0_dummy, serial_shops,
          shop_fountains, minivault_8, uniq_pikel, uniq_prince_ribbit1
Orc:1:    rock_pile
Orc:2:    grunt_orc_cross, maelrawn_ghost_labyrinth_escape,
          kennysheep_orc_chapel, uniq_saint_roka, uniq_rupert, uniq_azrael,
          uniq_donald
Sewer:    sewer_co_purgy_island

Skill      XL: |  1  2  3  4  5  6  7  8  9 10 11 12 |
---------------+-------------------------------------+-----
Axes           | 3 4 5 6 7 10 11 12 13 | 13.5
Armour         | 2 3 4 5 6 7 |  7.0
Dodging        | 2 3 4 5 6 |  6.2
Fighting       | 4 5 6 7 8 9 |  9.3
Stealth        | 3 4 5 |  5.8

Action                   |  1- 3 |  4- 6 |  7- 9 | 10-12 || total
-------------------------+-------+-------+-------+-------++-------
Melee: Hand axe          |   116 |   107 |    82 |       ||   305
       Kick              |    22 |    28 |    39 |    82 ||   171
       War axe           |       |       |    95 |   258 ||   353
Invok: Berserk           |     1 |     3 |     7 |    14 ||    25
       Trog's Hand       |       |       |     1 |     2 ||     3
  Use: Scroll            |       |     7 |     7 |     5 ||    19
       Potion            |       |       |     1 |       ||     1
 Stab: Sleeping          |       |       |    12 |     5 ||    17
       Distracted        |       |       |       |     2 ||     2
  Eat: Chunk             |     2 |     6 |    10 |    15 ||    33
       Ration            |       |       |     3 |     3 ||     6
Armor: Scale mail        |    37 |    32 |       |       ||    69
       Troll leather arm |       |       |    40 |    35 ||    75
       Chain mail        |       |       |       |    18 ||    18
       Plate armour      |       |       |       |    16 ||    16
Dodge: Dodged            |    56 |    66 |   116 |   205 ||   443
Block: Other             |       |       |       |    13 ||    13

Table legend:
 A = Non-vault XP
 B = Vault XP
 C = Vault XP percentage of total XP
 D = Non-vault monster count
 E = Vault monster count
 F = Vault count percentage of total count
 G = Total turns spent on level
                 A         B        C        D         E       F
            +---------+---------+-------+---------+---------+-------
      Total |   15472 |   12566 |  44.8 |     249 |      72 |  22.4
            +---------+---------+-------+---------+---------+-------
        D:1 |      35 |       0 |   0.0 |      21 |       0 |   0.0
        D:2 |      71 |     235 |  76.8 |      21 |       2 |   8.7
        D:3 |     108 |      78 |  41.9 |      22 |       6 |  21.4
        D:4 |     443 |       0 |   0.0 |      20 |       0 |   0.0
        D:5 |     570 |     257 |  31.1 |      18 |       2 |  10.0
        D:6 |     702 |      33 |   4.5 |      20 |       6 |  23.1
        D:7 |    1272 |       0 |   0.0 |      27 |       0 |   0.0
        D:8 |    1358 |    2391 |  63.8 |      15 |       7 |  31.8
        D:9 |    2012 |    3224 |  61.6 |      25 |      11 |  30.6
      Orc:1 |    2861 |       9 |   0.3 |      22 |       3 |  12.0
      Orc:2 |    6040 |    6179 |  50.6 |      38 |      27 |  41.5
      Sewer |       0 |     160 | 100.0 |       0 |       8 | 100.0
            +---------+---------+-------+---------+---------+-------
